Map: Simulacrum LE

Players

Neeb - Winner!

  • Race: Protoss Protoss
  • Spawn Location: 5:00

Nitix

  • Race: Zerg Zerg
  • Spawn Location: 11:00

Event: IEM Katowice 2020

VOD

Have the link to the VOD?

Description

Time

  • Played on: Feb. 24, 2020, 10:33 a.m.
  • Length: 9:26

All games in this series

Show
View Real Time Build Order
Export as new Build Order

Neeb Protoss - Winner!

Build Orders: 1 Gate Expand, Oracle Opening, Archon Immortal 

Get SALT Encoding   

  12  0:00  Probe  
  13  0:12  Probe  
  14  0:17  Pylon  
  14  0:25  Probe (Chrono Boost)  
  15  0:37  Probe (Chrono Boost)  
  15  0:38  Gateway  
  16  0:45  Probe (Chrono Boost)  
  16  0:48  Assimilator  
  17  0:51  Probe  
  18  1:03  Probe  
  19  1:15  Probe  
  20  1:25  Nexus  
  20  1:36  Cybernetics Core  
  20  1:38  Probe  
  21  1:43  Assimilator  
  21  1:50  Probe  
  21  1:53  Pylon  
  22  2:02  Probe (Chrono Boost)  
  23  2:09  Adept (Chrono Boost)  
  23  2:13  Probe (Chrono Boost)  
  26  2:18  Probe (Chrono Boost)  
  26  2:19  Stargate  
  28  2:30  Probe (Chrono Boost)  
  28  2:32  Stalker  
  28  2:36  Probe (Chrono Boost)  
  31  2:37  Warp Gate  
  32  2:46  Probe x2 (Chrono Boost)  
  32  2:51  Probe (Chrono Boost)  
  33  2:53  Probe  
  35  2:59  Gateway  
  35  3:03  Probe, Oracle (Chrono Boost)  
  36  3:11  Probe  
  40  3:15  Probe, Pylon  
  41  3:23  Probe  
  42  3:27  Probe  
  42  3:29  Gateway  
  43  3:35  Pylon, Oracle  
  43  3:40  Probe (Chrono Boost)  
  47  3:42  Probe (Chrono Boost)  
  47  3:46  Assimilator  
  48  3:49  Assimilator  
  48  3:55  Probe x2 (Chrono Boost), Twilight Council  
  50  4:00  Probe  
  50  4:01  Gateway  
  51  4:03  Probe  
  51  4:06  Pylon  
  52  4:12  Probe  
  52  4:15  Probe  
  54  4:24  Probe  
  54  4:26  Adept x3  
  54  4:27  Probe  
  62  4:32  Resonating Glaives (Chrono Boost)  
  62  4:39  Nexus  
  62  4:48  Pylon  
  62  4:49  Pylon  
  62  4:51  Adept  
  64  4:54  Adept  
  64  4:59  Adept  
  68  5:00  Adept  
  68  5:06  Probe  
  71  5:11  Probe  
  69  5:14  Adept  
  71  5:21  Robotics Facility  
  71  5:22  Adept x2  
  71  5:23  Robotics Facility  
  71  5:24  Adept  
  71  5:26  Probe  
  71  5:27  Probe  
  75  5:38  Nexus  
  75  5:39  Sentry  
  77  5:43  Probe x2  
  77  5:46  Adept x2  
  77  5:48  Sentry  
  85  5:50  Shield Battery  
  85  5:55  Probe  
  86  6:12  Probe x2  
  86  6:17  Immortal (Chrono Boost)  
  86  6:24  Immortal (Chrono Boost)  
  86  6:27  Probe x2  
  84  6:39  Probe x2  
  80  6:43  Gateway, Forge  
  80  6:44  Charge  
  80  6:45  Gateway  
  80  6:46  Sentry, Zealot  
  80  6:50  Pylon  
  80  6:51  Probe x2  
  80  6:52  Stalker x2  
  87  6:56  Immortal (Chrono Boost)  
  90  7:01  Immortal  
  94  7:08  Protoss Ground Weapons Level 1 (Chrono Boost)  
  94  7:09  Pylon  
  94  7:10  Sentry x2  
  94  7:13  Shield Battery  
  94  7:14  Probe x2  
  100  7:21  Assimilator  
  100  7:22  Assimilator  
  100  7:25  Probe  
  100  7:26  Probe  
  100  7:29  Pylon  
  102  7:36  Pylon, Templar Archives  
  102  7:39  Pylon  
  102  7:41  Immortal  
  102  7:44  Probe  
  107  7:47  Pylon  
  107  7:50  Photon Cannon  
  107  8:06  Gateway  
  107  8:07  Gateway  
  107  8:08  Photon Cannon  
  107  8:09  Gateway, Photon Cannon  
  107  8:13  Warp Prism (Chrono Boost)  
  107  8:15  Probe  
  110  8:20  High Templar, Photon Cannon  
  110  8:21  High Templar x3  
  110  8:24  Observer (Chrono Boost)  
  110  8:25  Archon x2  
  119  8:27  Pylon  
  119  8:31  Nexus  
  119  8:34  Pylon  
  119  8:37  High Templar x2  
  119  8:41  Archon  
  123  8:53  Zealot x4  
  123  8:55  Photon Cannon  
  131  8:59  Probe x2  
  133  9:06  High Templar x2, Zealot  
  139  9:10  Archon  
  139  9:11  Zealot x2  
  139  9:13  Probe  
  139  9:16  Zealot x4  
  145  9:25  Assimilator  
Show
View Real Time Build Order
Export as new Build Order

Nitix Zerg 

Build Orders: Hatch First 

Get SALT Encoding   

  12  0:01  Drone  
  13  0:12  Overlord  
  13  0:18  Drone  
  14  0:31  Drone x2  
  16  0:49  Hatchery  
  15  0:51  Drone  
  15  0:55  Drone  
  17  0:59  Drone  
  18  1:10  Extractor  
  17  1:14  Spawning Pool  
  17  1:17  Drone  
  17  1:20  Drone  
  18  1:30  Drone  
  19  1:39  Drone  
  20  1:48  Overlord  
  20  2:00  Queen  
  20  2:01  Zergling x4, Queen  
  26  2:10  Drone  
  26  2:14  Drone, Metabolic Boost  
  28  2:25  Drone x2  
  30  2:36  Hatchery  
  29  2:42  Drone  
  30  2:47  Queen  
  30  2:48  Drone  
  33  2:52  Overlord  
  33  2:59  Zergling x4  
  33  3:02  Drone  
  36  3:12  Drone x2  
  37  3:13  Drone x4  
  37  3:18  Overlord  
  41  3:20  Drone  
  41  3:23  Drone  
  43  3:28  Overlord  
  43  3:38  Drone x2  
  43  3:39  Drone x3  
  48  3:47  Queen  
  50  3:48  Queen  
  50  3:51  Spore Crawler  
  51  3:56  Spore Crawler  
  51  3:58  Drone x2  
  51  3:59  Drone  
  51  4:02  Drone  
  54  4:03  Drone  
  54  4:06  Spore Crawler, Overlord  
  54  4:11  Drone x2  
  56  4:21  Drone  
  56  4:23  Lair  
  57  4:25  Roach Warren  
  57  4:31  Zergling x14  
  62  4:47  Overlord x2  
  62  4:50  Zergling x2  
  62  4:51  Zergling x6  
  66  4:55  Extractor  
  66  4:56  Evolution Chamber  
  66  4:58  Extractor  
  63  5:06  Drone x12  
  72  5:09  Drone  
  68  5:17  Drone  
  68  5:20  Drone x2  
  69  5:30  Glial Reconstitution, Drone x2  
  69  5:31  Drone  
  70  5:39  Extractor  
  70  5:40  Drone x2  
  70  5:41  Extractor  
  70  5:46  Roach x2  
  70  5:47  Extractor, Roach x2  
  70  5:49  Drone  
  78  5:50  Drone x3  
  78  5:56  Overlord  
  80  5:57  Roach  
  80  6:03  Overlord x4  
  82  6:11  Roach x2  
  74  6:20  Drone x8  
  66  6:27  Drone x2  
  66  6:30  Zerg Missile Weapons Level 1  
  66  6:31  Drone x3  
  63  6:35  Drone  
  63  6:37  Drone  
  60  6:42  Drone x2  
  60  6:47  Drone x2  
  64  6:51  Drone  
  64  6:52  Drone x2  
  67  6:55  Drone  
  68  7:05  Drone  
  68  7:06  Drone  
  68  7:07  Drone x3  
  73  7:14  Drone x2  
  75  7:16  Drone  
  75  7:17  Drone x3  
  75  7:22  Drone x2  
  81  7:25  Drone  
  81  7:29  Drone x2  
  85  7:30  Drone x3  
  85  7:35  Spire, Overseer  
  86  7:37  Drone x2  
  88  7:46  Drone  
  88  7:48  Roach x4  
  88  7:49  Hatchery  
  96  7:53  Drone  
  96  7:54  Baneling Nest  
  96  7:57  Roach x2  
  96  7:58  Roach  
  102  8:03  Overlord  
  102  8:05  Zergling x4  
  104  8:06  Zergling x2  
  104  8:07  Zergling x4  
  107  8:18  Ravager x2  
  109  8:21  Pneumatized Carapace  
  109  8:24  Drone x10  
  119  8:31  Overlord x3  
  119  8:36  Drone x2  
  119  8:40  Infestation Pit  
  119  8:45  Drone x3  
  121  8:57  Hatchery  
  121  8:59  Zergling x2, Roach  
  121  9:00  Zergling x4, Roach x4  
  121  9:02  Baneling x4  
  132  9:05  Ravager x3  
  132  9:09  Ravager  
  136  9:13  Extractor x2  

Tags
 
Add a new tag
Caveats
  • Supply blocks, unpowered buildings, or Contaminate may cause inaccurate times.
  • Supply counts are checked every 10 seconds.